 Dungeon Crawl Stone Soup version 0.21.1-1-g345015f (webtiles) character file.

13306 KleinerIrrer the Cleaver (level 12, -9/95 HPs)
             Began as a Formicid Fighter on Apr 4, 2018.
             Was a High Priest of Okawaru.
             Killed by Ozocubu's Refrigeration
             ... invoked by Fannar
              (19 damage)
             ... on level 1 of the Lair of Beasts.
             The game lasted 00:10:44 (12404 turns).

KleinerIrrer the Cleaver (Formicid Fighter)        Turns: 12404, Time: 00:10:45

Health: -9/95      AC: 16    Str: 26    XL:     12   Next: 31%
Magic:  0/18       EV: 12    Int:  8    God:    Okawaru [*****.]
Gold:   62         SH: 14    Dex: 10    Spells: 11/11 levels left

rFire    . . .     SeeInvis +   Y - +4 war axe
rCold    . . .     Gourm    .   c - +0 shield
rNeg     . . .     Faith    .   g - +0 chain mail
rPois    +         Spirit   +   (helmet unavailable)
rElec    .         Reflect  .   p - +0 cloak
rCorr    .         Harm     .   h - +1 pair of gloves
MR       +....                  (no boots)
Stlth    ..........             i - amulet of guardian spirit
HPRegen  0.25/turn              r - ring of poison resistance
MPRegen  0.16/turn              (no ring)

@: heroism
A: permanent stasis, dig shafts and tunnels, four strong arms, antennae 3
a: Dig, Shaft Self, Heroism, Finesse, Renounce Religion


You were on level 1 of the Lair of Beasts.
You worshipped Okawaru.
Okawaru was extremely pleased with you.
You were not hungry.

You visited 3 branches of the dungeon, and saw 12 of its levels.

You collected 672 gold pieces.
You spent 610 gold pieces at shops.


Innate Abilities, Weirdness & Mutations

You cannot be hasted, slowed, berserked, paralysed or teleported.
You can dig through walls and to a lower floor.
Your four strong arms can wield two-handed weapons with a shield.
You have a pair of large antennae on your head. (SInv)


   Skills:
 - Level 9.1(14.1) Fighting
 + Level 12.7(17.7) Axes
 - Level 7.1(12.1) Armour
 - Level 2.1(7.1) Dodging
 - Level 9.4(14.4) Shields
 + Level 8.1 Invocations


You had 11 spell levels left.
You didn't know any spells.

Inventory:

Hand Weapons
 n - a +0 dire flail
 Y - a +4 war axe (weapon)
Missiles
 m - 7 tomahawks (quivered)
 t - 7 tomahawks of returning
Armour
 c - a +0 shield (worn)
 g - a +0 chain mail (worn)
 h - a +1 pair of gloves (worn)
 p - a +0 cloak (worn)
Jewellery
 i - an amulet of guardian spirit (around neck)
 r - a ring of poison resistance (left hand)
Wands
 q - a wand of digging (20)
Scrolls
 a - 4 scrolls of remove curse
 k - a scroll of identify
 o - a scroll of fear {unknown}
Potions
 b - a potion of mutation
 d - a potion of might
 f - 2 potions of curing
 l - a potion of cancellation
 s - a potion of magic {unknown}
 w - 2 potions of haste {unknown}
Comestibles
 e - 14 rations
 u - 5 chunks of flesh

Dungeon Overview and Level Annotations

Branches:
Dungeon (10/15)            Temple (1/1) D:6            Lair (1/6) D:10
    Orc: D:9-12

Altars:
Ashenzari
Cheibriados
Dithmenos
Elyvilon
Fedhas
Gozag
Hepliaklqana
Kikubaaqudgha
Makhleb
Nemelex Xobeh
Okawaru
Qazlal
Ru
Sif Muna
Trog
Uskayaw
Vehumet
Wu Jian
Xom
Yredelemnul
Zin
The Shining One

Shops:
D:3 *   D:7 (   D:9 =   D:10 **

Portals:
Trove: D:10 (give ring of Robustness)

Annotations:
D:4 1 runed door
Lair:1 Fannar


Message History

You slash Fannar!
Fannar is severely wounded.
Fannar hits you but does no damage.
You slash Fannar!
Fannar is severely wounded.
You hit Fannar.
Fannar is almost dead.
Fannar casts a spell at you. The bolt of cold hits you!
You closely miss Fannar.
Fannar is almost dead.
You block Fannar's attack.
You slash Fannar!
Fannar is almost dead.
You hit Fannar but do no damage.
Fannar is almost dead.
Fannar mumbles some strange words.
Fannar drains the heat from the surrounding environment!
You feel very cold.
You die...

#...# ##
..
##..##.##.
.#
#.##....
#.#..(#
###%#..#
#...%..#
#.%.#...#
##...#...#
#..@.# ..#
#.e%##
#... #...#
##.# #...#
.. .....
......
.....#.
...... ##


You could see Fannar.

Vanquished Creatures
  Harold (Lair:1)
  A hydra (Lair:1)
  Erica (D:9)
  2 two-headed ogres
  Nergalle (Lair:1)
  The ghost of KleinerIrrer the Cleaver, a novice FoFi (D:6)
  3 spiny frogs (Lair:1)
  3 trolls
  A blink frog (Lair:1)
  2 hippogriffs
  A spriggan (D:8)
  6 yaks (D:9)
  A wyvern (D:8)
  3 orc warriors
  3 sky beasts
  3 black bears
  An eye of draining (D:9)
  A necrophage (D:9)
  3 phantoms
  4 ice beasts
  6 wolves (Lair:1)
  4 centaurs
  3 ogres
  A crocodile (Lair:1)
  2 big kobolds
  3 bullfrogs
  A water moccasin skeleton (D:6)
  4 scorpions
  9 killer bees
  9 wights
  A howler monkey (D:8)
  A centaur zombie (D:7)
  3 crimson imps
  4 hounds
  A bullfrog skeleton (D:4)
  3 orc wizards
  3 centaur skeletons
  An orc priest (D:4)
  A gnoll shaman (D:5)
  2 jellies
  Jessica (D:2)
  2 iguanas (D:8)
  11 worker ants
  A killer bee zombie (D:9)
  A hound zombie (D:8)
  5 hound skeletons
  A howler monkey zombie (D:6)
  A worker ant zombie (D:10)
  14 gnolls
  12 adders
  A shadow imp (D:6)
  4 worms
  3 dart slugs
  5 leopard geckos
  23 orcs
  2 ball pythons
  8 giant cockroaches
  11 goblins
  14 hobgoblins
  10 jackals
  3 quokkas
  A ball python zombie (D:5)
  6 bats
  7 frilled lizards
  A jackal zombie (D:6)
  17 kobolds
  A quokka skeleton (D:5)
  7 rats
277 creatures vanquished.

Notes
Turn   | Place    | Note
-------+----------+-------------------------------------------
     0 | D:1      | KleinerIrrer the Formicid Fighter began the quest for the Orb.
     0 | D:1      | Reached XP level 1. HP: 18/18 MP: 1/1
     0 | D:1      | 0 ||| counter = 11
   131 | D:1      | Reached XP level 2. HP: 24/24 MP: 2/2
   227 | D:1      | Reached skill level 3 in Axes
   244 | D:1      | 244 ||| DROPPING club.
   308 | D:1      | Reached XP level 3. HP: 23/29 MP: 3/3
   957 | D:1      | 957 ||| READING scroll labeled QORIUH BIPPISA.
   958 | D:1      | 958 ||| READING scroll labeled AGOYTA PUMEUNIOTISM.
  1029 | D:2      | Found a stormy altar of Qazlal.
  1029 | D:2      | Noticed Jessica
  1035 | D:2      | Killed Jessica
  1035 | D:2      | Reached skill level 4 in Axes
  1035 | D:2      | Reached XP level 4. HP: 29/35 MP: 4/4
  1151 | D:2      | 1151 ||| STAIRDANCE
  1179 | D:1      | 1179 ||| READING scroll labeled MEFOCKEMPUS.
  1194 | D:2      | 1194 ||| STAIRDANCE
  1238 | D:2      | 1238 ||| STAIRDANCE
  1931 | D:2      | Reached XP level 5. HP: 41/41 MP: 5/5
  1962 | D:2      | Reached skill level 5 in Axes
  2097 | D:2      | Found an ornate altar of the Wu Jian Council.
  2166 | D:2      | Reached skill level 1 in Dodging
  2368 | D:2      | 2368 ||| READING scroll labeled XEGUFA PAUCO.
  2369 | D:2      | 2369 ||| READING scroll labeled JAM FO SUOR.
  2370 | D:2      | 2370 ||| READING 2 scrolls of identify.
  2370 | D:2      | 2370 ||| IDENTIFYING scratched steel ring
  2371 | D:2      | 2371 ||| DROPPING ring of magical power.
  2664 | D:3      | Reached XP level 6. HP: 47/47 MP: 6/6
  2810 | D:3      | Found an opulent altar of Gozag.
  2813 | D:3      | Found Gozag's Platinum Reserve.
  2826 | D:3      | 2826 ||| SHOPLISTING ring "Pemun" {rElec rC+ MR- Str+3 Int+3} (3880 gold, have 102).
  2826 | D:3      | 2826 ||| SHOPLISTING amulet "Atutousia" {Reflect *Contam rF++ MR+ SH+3} (4020 gold, have 102).
  2826 | D:3      | 2826 ||| SHOPLISTING +0 pair of gloves of Joulum {Dex+4} (1990 gold, have 102).
  2995 | D:3      | 2995 ||| DROPPING whip.
  3638 | D:3      | 3638 ||| READING scroll labeled EFEIL TIWNIY.
  3639 | D:3      | 3639 ||| READING scroll of identify.
  3639 | D:3      | 3639 ||| IDENTIFYING tubular pearl ring
  3640 | D:3      | 3640 ||| DROPPING ring of flight.
  3671 | D:4      | Noticed a phantom
  3692 | D:4      | 3692 ||| STAIRDANCE
  3731 | D:4      | 3731 ||| STAIRDANCE
  3753 | D:3      | 3753 ||| STAIRDANCE
  3798 | D:3      | 3798 ||| STAIRDANCE
  3828 | D:3      | 3828 ||| STAIRDANCE
  3868 | D:3      | Killed a phantom
  3868 | D:3      | Reached skill level 6 in Axes
  3869 | D:3      | 3869 ||| STAIRDANCE
  4002 | D:4      | Reached XP level 7. HP: 49/52 MP: 7/7
  4239 | D:4      | 4239 ||| EATING 4 rations.
  4284 | D:4      | Found a radiant altar of Vehumet.
  4478 | D:4      | 4478 ||| STAIRDANCE
  4524 | D:3      | 4524 ||| UPGRADING to chain mail.
  4534 | D:3      | 4534 ||| DROPPING +0 scale mail.
  4535 | D:3      | 4535 ||| UPGRADING to pair of gloves.
  4540 | D:3      | 4540 ||| READING scroll labeled SACHONL QANTU.
  4586 | D:4      | 4586 ||| READING scroll of enchant weapon.
  4586 | D:4      | 4586 ||| ENCHANTING +1 war axe.
  4733 | D:4      | Found a burning altar of Makhleb.
  4791 | D:4      | Found a runed door.
  4833 | D:5      | Entered Level 5 of the Dungeon
  4836 | D:5      | 4836 ||| STAIRDANCE
  4989 | D:5      | Found a bloodstained altar of Trog.
  5092 | D:5      | Reached skill level 7 in Axes
  5284 | D:5      | Reached XP level 8. HP: 58/60 MP: 8/8
  5405 | D:5      | Reached skill level 8 in Axes
  5648 | D:5      | 5648 ||| UPGRADING to cloak.
  5653 | D:5      | 5653 ||| READING scroll labeled TIGOXUMO OCLYJY.
  5654 | D:5      | 5654 ||| READING 3 scrolls of identify.
  5654 | D:5      | 5654 ||| IDENTIFYING fuming red potion
  5655 | D:5      | 5655 ||| READING 2 scrolls of identify.
  5655 | D:5      | 5655 ||| IDENTIFYING green potion
  5656 | D:5      | 5656 ||| DROPPING potion of flight.
  5657 | D:5      | 5657 ||| DROPPING wand of polymorph (12).
  5673 | D:6      | 5673 ||| STAIRDANCE
  5691 | D:6      | 5691 ||| STAIRDANCE
  5694 | D:5      | Reached skill level 6 in Shields
  5736 | D:6      | 5736 ||| STAIRDANCE
  5817 | D:6      | HP: 13/62 [crimson imp/war axe (4)]
  5823 | D:6      | 5823 ||| STAIRDANCE
  6076 | D:6      | 6076 ||| UPGRADING to glowing mace.
  6077 | D:6      | 6077 ||| SWAPPING to +2 war axe.
  6078 | D:6      | 6078 ||| DROPPING +2 mace of crushing.
  6079 | D:6      | 6079 ||| UPGRADING to flail.
  6080 | D:6      | 6080 ||| SWAPPING to +2 war axe.
  6081 | D:6      | 6081 ||| UPGRADING to glowing mace.
  6082 | D:6      | 6082 ||| READING scroll of remove curse.
  6083 | D:6      | 6083 ||| SWAPPING to +2 war axe.
  6084 | D:6      | 6084 ||| DROPPING -2 mace.
  6103 | D:6      | Reached XP level 9. HP: 68/68 MP: 9/9
  6127 | D:6      | Reached skill level 9 in Axes
  6128 | D:6      | 6128 ||| STAIRDANCE
  6213 | D:5      | 6213 ||| EATING 5 rations.
  6243 | D:6      | Found a snail-covered altar of Cheibriados.
  6248 | D:6      | Noticed KleinerIrrer's ghost (novice FoFi)
  6261 | D:6      | 6261 ||| STAIRDANCE
  6398 | D:6      | 6398 ||| STAIRDANCE
  6521 | D:6      | Killed KleinerIrrer's ghost
  6540 | D:6      | 6540 ||| STAIRDANCE
  6725 | D:6      | 6725 ||| READING scroll of enchant weapon.
  6725 | D:6      | 6725 ||| ENCHANTING +2 war axe.
  7216 | D:6      | Found a staircase to the Ecumenical Temple.
  7225 | Temple   | Entered the Ecumenical Temple
  7226 | Temple   | 7226 ||| Entered T.
  7275 | Temple   | Became a worshipper of Warmaster Okawaru
  7332 | Temple   | 7332 ||| READING 3 scrolls of identify.
  7332 | Temple   | 7332 ||| IDENTIFYING small zirconium amulet
  7333 | Temple   | 7333 ||| UPGRADING to amulet of guardian spirit.
  7334 | Temple   | 7334 ||| READING 2 scrolls of identify.
  7334 | Temple   | 7334 ||| IDENTIFYING sapphire potion
  7554 | D:7      | 7554 ||| EATING 8 rations.
  7574 | D:7      | 7574 ||| READING scroll of identify.
  7574 | D:7      | 7574 ||| IDENTIFYING runed golden amulet
  7575 | D:7      | 7575 ||| DROPPING cursed amulet of inaccuracy.
  7576 | D:7      | 7576 ||| Stepping randomly (stuck).
  7577 | D:7      | 7577 ||| Stepping randomly (stuck).
  7578 | D:7      | 7578 ||| Stepping randomly (stuck).
  7579 | D:7      | 7579 ||| Stepping randomly (stuck).
  7580 | D:7      | 7580 ||| Stepping randomly (stuck).
  7581 | D:7      | 7581 ||| Stepping randomly (stuck).
  7582 | D:7      | 7582 ||| Stepping randomly (stuck).
  7583 | D:7      | 7583 ||| Stepping randomly (stuck).
  7584 | D:7      | 7584 ||| Stepping randomly (stuck).
  7585 | D:7      | 7585 ||| Stepping randomly (stuck).
  7586 | D:7      | 7586 ||| Stepping randomly (stuck).
  7587 | D:7      | 7587 ||| Stepping randomly (stuck).
  7588 | D:7      | 7588 ||| Stepping randomly (stuck).
  7589 | D:7      | 7589 ||| Stepping randomly (stuck).
  7590 | D:7      | 7590 ||| Stepping randomly (stuck).
  7591 | D:7      | 7591 ||| Stepping randomly (stuck).
  7592 | D:7      | 7592 ||| Stepping randomly (stuck).
  7593 | D:7      | 7593 ||| Stepping randomly (stuck).
  7594 | D:7      | 7594 ||| Stepping randomly (stuck).
  7595 | D:7      | 7595 ||| Stepping randomly (stuck).
  7596 | D:7      | 7596 ||| Stepping randomly (stuck).
  7597 | D:7      | 7597 ||| Stepping randomly (stuck).
  7598 | D:7      | 7598 ||| Stepping randomly (stuck).
  7599 | D:7      | 7599 ||| Stepping randomly (stuck).
  7600 | D:7      | 7600 ||| Stepping randomly (stuck).
  7601 | D:7      | 7601 ||| Stepping randomly (stuck).
  7602 | D:7      | 7602 ||| Stepping randomly (stuck).
  7603 | D:7      | 7603 ||| Stepping randomly (stuck).
  7604 | D:7      | 7604 ||| Stepping randomly (stuck).
  7605 | D:7      | 7605 ||| Stepping randomly (stuck).
  7606 | D:7      | 7606 ||| Stepping randomly (stuck).
  7607 | D:7      | 7607 ||| Stepping randomly (stuck).
  7608 | D:7      | 7608 ||| Stepping randomly (stuck).
  7609 | D:7      | 7609 ||| Stepping randomly (stuck).
  7610 | D:7      | 7610 ||| Stepping randomly (stuck).
  7611 | D:7      | 7611 ||| Stepping randomly (stuck).
  7612 | D:7      | 7612 ||| Stepping randomly (stuck).
  7613 | D:7      | 7613 ||| Stepping randomly (stuck).
  7614 | D:7      | 7614 ||| Stepping randomly (stuck).
  7615 | D:7      | 7615 ||| Stepping randomly (stuck).
  7616 | D:7      | 7616 ||| Stepping randomly (stuck).
  7617 | D:7      | 7617 ||| Stepping randomly (stuck).
  7618 | D:7      | 7618 ||| Stepping randomly (stuck).
  7619 | D:7      | 7619 ||| Stepping randomly (stuck).
  7620 | D:7      | 7620 ||| Stepping randomly (stuck).
  7621 | D:7      | 7621 ||| Stepping randomly (stuck).
  7622 | D:7      | 7622 ||| Stepping randomly (stuck).
  7623 | D:7      | 7623 ||| Stepping randomly (stuck).
  7624 | D:7      | 7624 ||| Stepping randomly (stuck).
  7625 | D:7      | 7625 ||| Stepping randomly (stuck).
  7626 | D:7      | 7626 ||| Stepping randomly (stuck).
  7627 | D:7      | 7627 ||| Stepping randomly (stuck).
  7710 | D:7      | Reached skill level 6 in Fighting
  7868 | D:7      | Found Todgh's Weapon Boutique.
  8293 | D:7      | 8293 ||| STAIRDANCE
  8379 | D:6      | 8379 ||| READING scroll of enchant weapon.
  8379 | D:6      | 8379 ||| ENCHANTING +3 war axe.
  8380 | D:6      | 8380 ||| READING scroll labeled IROMUL ZEGEZAX.
  8381 | D:6      | 8381 ||| DRINKING 2 bubbling ruby potions.
  8382 | D:6      | 8382 ||| DROPPING potion of brilliance.
  8393 | D:7      | 8393 ||| STAIRDANCE
  8405 | D:7      | 8405 ||| STAIRDANCE
  8609 | D:8      | Reached skill level 10 in Axes
  8640 | D:8      | Reached * piety under Okawaru
  8640 | D:8      | Reached XP level 10. HP: 77/77 MP: 10/10
  8642 | D:8      | 8642 ||| INVOKING Heroism.
  8682 | D:8      | Reached skill level 1 in Invocations
  8866 | D:8      | Reached skill level 3 in Invocations
  9100 | D:8      | 9100 ||| STAIRDANCE
  9181 | D:8      | Noticed a two-headed ogre
  9183 | D:8      | 9183 ||| INVOKING Heroism.
  9191 | D:8      | Killed a two-headed ogre
  9191 | D:8      | Reached ** piety under Okawaru
  9191 | D:8      | Reached skill level 9 in Shields
  9445 | D:8      | 9445 ||| REMOVING ring of stealth.
  9562 | D:8      | 9562 ||| EATING 13 rations.
  9628 | D:8      | 9628 ||| DROPPING ring of stealth.
  9629 | D:8      | 9629 ||| READING scroll labeled SAOCRAG CAHIOM.
  9647 | D:9      | 9647 ||| INVOKING Heroism.
  9687 | D:9      | 9687 ||| INVOKING Heroism.
  9704 | D:9      | Reached skill level 11 in Axes
  9711 | D:9      | 9711 ||| INVOKING Heroism.
  9712 | D:9      | Reached *** piety under Okawaru
  9712 | D:9      | Reached XP level 11. HP: 46/85 MP: 5/14
  9726 | D:9      | Reached skill level 6 in Armour
  9735 | D:9      | 9735 ||| STAIRDANCE
  9982 | D:9      | Found Duthu's Jewellery Boutique.
  9996 | D:9      | 9996 ||| SHOPLISTING +5 ring of protection (770 gold, have 391).
  9996 | D:9      | 9996 ||| SHOPLISTING ring of Robustness {AC+8} (1792 gold, have 391).
  9996 | D:9      | Bought an uncursed ring of poison resistance for 280 gold pieces
  9996 | D:9      | 9996 ||| SHOPLISTING ring "Acel" {rPois rC++ rN+} (681 gold, have 111).
  9996 | D:9      | 9996 ||| SHOPLISTING +4 amulet of reflection (378 gold, have 111).
  9996 | D:9      | 9996 ||| SHOPLISTING ring of ice (350 gold, have 111).
  9996 | D:9      | 9996 ||| SHOPLISTING +3 ring of evasion (294 gold, have 111).
  9996 | D:9      | 9996 ||| SHOPLISTING ring of protection from cold (350 gold, have 111).
  9996 | D:9      | 9996 ||| SHOPLISTING ring of positive energy (280 gold, have 111).
  9998 | D:9      | Found a glowing silver altar of Zin.
 10053 | D:9      | 10053 ||| INVOKING Heroism.
 10108 | D:9      | 10108 ||| STAIRDANCE
 10150 | D:8      | 10150 ||| UPGRADING to ring of poison resistance.
 10151 | D:8      | 10151 ||| READING scroll labeled HAPPES LONOLL.
 10156 | D:9      | Noticed Erica
 10164 | D:9      | 10164 ||| INVOKING Heroism.
 10180 | D:9      | 10180 ||| DRINKING 2 potions of curing.
 10180 | D:9      | 10180 ||| (to cure confusion)
 10181 | D:9      | Killed Erica
 10276 | D:9      | Noticed a two-headed ogre
 10277 | D:9      | 10277 ||| INVOKING Heroism.
 10285 | D:9      | Killed a two-headed ogre
 10285 | D:9      | Reached skill level 12 in Axes
 10321 | D:9      | 10321 ||| DROPPING +0 flail.
 10325 | D:9      | 10325 ||| UPGRADING to dire flail.
 10326 | D:9      | 10326 ||| SWAPPING to +4 war axe.
 10362 | D:9      | 10362 ||| INVOKING Heroism.
 10417 | D:9      | Reached **** piety under Okawaru
 10418 | D:9      | 10418 ||| STAIRDANCE
 10553 | D:9      | 10553 ||| EATING 14 rations.
 10559 | D:9      | Found a white marble altar of Elyvilon.
 10622 | D:9      | Found a basalt altar of Yredelemnul.
 10792 | D:9      | 10792 ||| DRINKING 2 bubbling yellow potions.
 10828 | D:9      | 10828 ||| READING 2 scrolls of identify.
 10828 | D:9      | 10828 ||| IDENTIFYING fizzy amethyst potion
 10829 | D:9      | 10829 ||| DROPPING potion of lignification.
 10847 | D:10     | Entered Level 10 of the Dungeon
 10980 | D:10     | 10980 ||| INVOKING Heroism.
 11071 | D:10     | Found Varoext's Assorted Antiques.
 11074 | D:10     | Bought a jewelled silver wand for 132 gold pieces
 11074 | D:10     | Bought a scroll labeled GAEDDALLUQ for 33 gold pieces
 11074 | D:10     | 11074 ||| SHOPLISTING runed battleaxe (313 gold, have 194).
 11074 | D:10     | Bought a scroll of identify for 66 gold pieces
 11074 | D:10     | 11074 ||| SHOPLISTING scroll of enchant weapon (247 gold, have 128).
 11074 | D:10     | Bought a scroll of remove curse for 99 gold pieces
 11106 | D:10     | Reached skill level 9 in Fighting
 11169 | D:10     | Found a portal to a secret trove of treasure.
 11176 | D:10     | 11176 ||| INVOKING Heroism.
 11278 | D:10     | Found Ypreny's General Store.
 11287 | D:10     | 11287 ||| SHOPLISTING +0 chain mail of cold resistance (161 gold, have 32).
 11360 | D:10     | Found a staircase to the Lair.
 11472 | D:10     | 11472 ||| INVOKING Heroism.
 11683 | D:10     | 11683 ||| READING scroll of enchant armour.
 11683 | D:10     | 11683 ||| ENCHANTING +0 pair of gloves.
 11753 | D:10     | 11753 ||| READING scroll labeled GAEDDALLUQ.
 11754 | D:10     | 11754 ||| READING 3 scrolls of identify.
 11754 | D:10     | 11754 ||| IDENTIFYING silvery potion
 11755 | D:10     | 11755 ||| READING 2 scrolls of identify.
 11755 | D:10     | 11755 ||| IDENTIFYING viscous silvery potion
 11756 | D:10     | 11756 ||| DROPPING potion of berserk rage.
 11757 | D:10     | 11757 ||| DROPPING wand of clouds (8).
 11799 | Lair:1   | Entered Level 1 of the Lair of Beasts
 11800 | Lair:1   | 11800 ||| Entered L.
 11810 | Lair:1   | Noticed a seven-headed hydra
 11811 | Lair:1   | 11811 ||| INVOKING Heroism.
 11814 | Lair:1   | 11814 ||| SWAPPING to +0 dire flail.
 11823 | Lair:1   | Killed a seven-headed hydra
 11823 | Lair:1   | Reached skill level 6 in Invocations
 11824 | Lair:1   | 11824 ||| SWAPPING to +4 war axe.
 11956 | Lair:1   | 11956 ||| INVOKING Heroism.
 11968 | Lair:1   | Reached XP level 12. HP: 95/95 MP: 14/16
 12021 | Lair:1   | Noticed Harold
 12021 | Lair:1   | Noticed Nergalle
 12026 | Lair:1   | 12026 ||| INVOKING Heroism.
 12042 | Lair:1   | Killed Nergalle
 12053 | Lair:1   | Killed Harold
 12268 | Lair:1   | 12268 ||| EATING 15 rations.
 12305 | Lair:1   | Reached ***** piety under Okawaru
 12348 | Lair:1   | Noticed Fannar
 12358 | Lair:1   | 12358 ||| INVOKING Heroism.
 12379 | Lair:1   | HP: 20/95 [komodo dragon[Fannar] (8)]
 12380 | Lair:1   | 12380 ||| DRINKING 3 potions of heal wounds.
 12381 | Lair:1   | 12381 ||| DRINKING 2 potions of heal wounds.
 12387 | Lair:1   | 12387 ||| INVOKING Heroism.
 12393 | Lair:1   | HP: 11/95 [Fannar/bolt of cold (21)]
 12394 | Lair:1   | 12394 ||| DRINKING potion of heal wounds.
 12401 | Lair:1   | HP: 9/95 [Fannar/bolt of cold (26)]
 12404 | Lair:1   | Killed from afar by Fannar

Vault maps used:
D:1:      onia_arrival_pentagram
D:2:      lemuel_coloured_pillars_altar, serial_forest,
          infiniplex_forest_clump_medium, infiniplex_forest_end_2,
          infiniplex_forest_clump_long, infiniplex_forest_end_2,
          infiniplex_forest_straight_3, infiniplex_forest_side_room,
          infiniplex_forest_lined_3, infiniplex_forest_end_3,
          infiniplex_forest_zigzag_1, minivault_14, grunt_qazlal_clouds,
          uniq_jessica
D:3:      nicolae_gozag_zags_fifth_avenue
D:4:      lemuel_round_altar, lemuel_doored_altar, first_ration,
          minmay_goblin_kobold_house, uniq_crazy_yiuf_cottage
D:5:      cheibrodos_thug_alley, lightli_temple_of_fire
D:6:      nicolae_overflow_hidden_temple, lemuel_temple_firewalk_b
D:7:      serial_shops, nicolae_shop_window_shopping
D:8:      the_bakery, hangedman_decor_opposing, eino_jars, uniq_erica
D:9:      kennysheep_ying_yang, zin_treasury, serial_shops, shop
D:10:     lair_entry_dummy, enter_trove_1, serial_shops, shop,
          nicolae_shop_behind_doors
Temple:   dshaligram_water_room_temple
Lair:1:   beast_lair_carwin_large_3, uniq_harold, uniq_nergalle, uniq_fannar

Skill      XL: |  1  2  3  4  5  6  7  8  9 10 11 12 |
---------------+-------------------------------------+-----
Axes           | 3 4 5 6 7 8 10 11 12 | 12.7
Dodging        | 1 2 |  2.1
Shields        | 4 5 6 8 9 |  9.4
Fighting       | 4 5 6 7 9 |  9.1
Armour         | 4 5 7 |  7.1
Invocations    | 4 6 8 |  8.1

Action                   |  1- 3 |  4- 6 |  7- 9 | 10-12 || total
-------------------------+-------+-------+-------+-------++-------
Melee: War axe           |    88 |   205 |   299 |   393 ||   985
       Dire flail        |       |       |       |     8 ||     8
Throw: Tomahawk          |       |       |       |    60 ||    60
Invok: Heroism           |       |       |       |    17 ||    17
 Abil: Dig               |       |       |       |     1 ||     1
  Use: Scroll            |     2 |     6 |    12 |     7 ||    27
       Potion            |       |       |     2 |     5 ||     7
  Eat: Chunk             |     1 |     9 |     5 |     4 ||    19
       Ration            |       |       |     3 |     3 ||     6
Armor: Scale mail        |    29 |    62 |     8 |       ||    99
       Chain mail        |       |       |    86 |   114 ||   200
Dodge: Dodged            |    25 |    78 |    53 |   119 ||   275
Block: Shield            |    36 |   101 |   131 |   234 ||   502

Table legend:
 A = Spawn XP
 B = Non-spawn XP
 C = Spawn XP percentage of total XP
 D = Spawn monster count
 E = Non-spawn monster count
 F = Spawn count percentage of total count
 G = Total turns spent on level
                    A         B        C        D         E        F      G
               +---------+---------+-------+---------+---------+-------+---------
         Total |       0 |   19009 |   0.0 |       0 |     277 |   0.0 | 12404
               +---------+---------+-------+---------+---------+-------+---------
           D:1 |       0 |      44 |   0.0 |       0 |      26 |   0.0 |  1157
           D:2 |       0 |     186 |   0.0 |       0 |      31 |   0.0 |  1439
           D:3 |       0 |     271 |   0.0 |       0 |      28 |   0.0 |  1432
           D:4 |       0 |     271 |   0.0 |       0 |      19 |   0.0 |   881
           D:5 |       0 |     855 |   0.0 |       0 |      29 |   0.0 |  1589
           D:6 |       0 |    1646 |   0.0 |       0 |      26 |   0.0 |   945
           D:7 |       0 |     442 |   0.0 |       0 |      10 |   0.0 |  1062
           D:8 |       0 |    2879 |   0.0 |       0 |      34 |   0.0 |  1294
           D:9 |       0 |    5094 |   0.0 |       0 |      33 |   0.0 |   915
          D:10 |       0 |    2171 |   0.0 |       0 |      25 |   0.0 |   952
        Lair:1 |       0 |    5150 |   0.0 |       0 |      16 |   0.0 |   605
               +---------+---------+-------+---------+---------+-------+---------
